 Dungeon Crawl Stone Soup version 0.28-a0-863-g8cecda6153 (webtiles) character file.

Game seed: 1553157522146908485

94 mcbry74 the Chiller (level 4, -2/30 HPs)
             Began as a Merfolk Ice Elementalist on Nov 18, 2021.
             Slain by an orc (5 damage)
             ... on level 3 of the Dungeon.
             The game lasted 00:20:15 (2392 turns).

mcbry74 the Chiller (Merfolk Ice Elementalist)      Turns: 2392, Time: 00:20:16

Health: -2/30      AC:  2    Str:  8    XL:     4   Next: 63%
Magic:  3/8        EV: 13    Int: 21    God:
Gold:   90         SH:  0    Dex: 14    Spells: 3/8 levels left

rFire   . . .      SeeInvis .   j - +0 glaive
rCold   . . .      Faith    .   (shield currently unavailable)
rNeg    . . .      Spirit   .   a - +0 robe
rPois   .          Reflect  .   (no helmet)
rElec   .          Harm     .   (no cloak)
rCorr   .          Rampage  .   (no gloves)
Will    .....                   (no boots)
Stlth   +.........              (no amulet)
HPRegen 0.10/turn               c - +6 ring of intelligence
MPRegen 0.11/turn               (no ring)

@: confused
A: (nimble swimmer 2), mertail
a: no special abilities


You were on level 3 of the Dungeon.
You visited 1 branch of the dungeon, and saw 3 of its levels.

You collected 90 gold pieces.

Inventory:

Hand Weapons
 f - a +0 dagger
 j - a +0 glaive (weapon)
Armour
 a - a +0 robe (worn)
Jewellery
 c - a +6 ring of intelligence (left hand)
 d - an amulet of guardian spirit
Scrolls
 b - a scroll of torment {unknown}
 g - a scroll of vulnerability {unknown}
 i - a scroll of enchant armour {unknown}
 k - 3 scrolls of immolation {unknown}
Potions
 e - a potion of flight {unknown}
 h - a potion of haste {unknown}


   Skills:
 + Level 1.0 Polearms
 + Level 3.2 Dodging
 - Level 2.1 Stealth
 - Level 0.6 Unarmed Combat
 + Level 2.7 Spellcasting
 - Level 1.2 Transmutations
 + Level 5.4 Ice Magic


You had 3 spell levels left.
You knew the following spells:

 Your Spells              Type           Power      Damage    Failure   Level
a - Freeze                Ice            100%       1d11      1%          1
b - Beastly Appendage     Tmut           14%        N/A       9%          1
c - Ozocubu's Armour      Ice            25%        N/A       4%          3

Your spell library contained the following spells:

 Spells                   Type           Power      Damage    Failure   Level
 Frozen Ramparts          Ice            50%        1d7       4%          3
 Wereblood                Tmut           7%         N/A       13%         2
 Spider Form              Tmut/Pois      5%         N/A       32%         3
 Gell's Gravitas          Tloc           2%         N/A       38%         3
 Lesser Beckoning         Tloc           2%         N/A       38%         3
 Teleport Other           Tloc           2%         N/A       38%         3
 Hailstorm                Conj/Ice       14%        3d5       41%         4


Dungeon Overview and Level Annotations

Branches:
Dungeon (3/15)

Altars:


Innate Abilities, Weirdness & Mutations

((You are quick and stealthy near water. (Stealth+, EV+, Speed+++)))
Your lower body shifts to a powerful aquatic tail in water.


Message History

The orc hits you with a +0 hand axe.
You closely miss the orc. The orc hits you but does no damage.
Casting: Freeze (safe; 1% risk of failure)
Confirm with . or Enter, or press ? or * to list all spells.
Aiming: Freeze (safe; 1% risk of failure)
Press: ? - help, Shift-Dir - straight line, f/p - orc
Aim: an orc, wielding a +0 hand axe and wearing a +0 leather armour You freeze the orc.
The orc is heavily wounded.
The orc hits you with a +0 hand axe.
Casting: Freeze (safe; 1% risk of failure)
Confirm with . or Enter, or press ? or * to list all spells.
Aiming: Freeze (safe; 1% risk of failure)
Press: ? - help, Shift-Dir - straight line, f/p - orc
Aim: an orc, wielding a +0 hand axe and wearing a +0 leather armour (heavily wounded)
You freeze the orc.
The orc is severely wounded.
The orc barely misses you.
An orc wizard comes into view. It is wielding a +0 dagger.
The orc hits you with a +0 flail! The orc hits you with a +0 hand axe.
An orc wizard comes into view. It is wielding a +0 dagger.
The orc wizard points at you and mumbles some strange words.
The magic dart hits you.
The orc wizard gestures wildly while chanting.
The orc wizard flickers and vanishes!
Deactivating autopickup; reactivate with Ctrl-A.
The orc hits you with a +0 flail.
* * * LOW HITPOINT WARNING * * *
The orc closely misses you.
The orc wizard gestures at you while chanting.
You are confused.
The orc hits you with a +0 flail.
* * * LOW HITPOINT WARNING * * *
You see here 22 stones.
You bump into the rock wall.
The orc barely misses you. The orc hits you with a +0 flail.
* * * LOW HITPOINT WARNING * * *
You're too confused to move!
The orc hits you with a +0 hand axe.
You die...

... ....# .. ...#
#.#.####...
..######.#....#...
..................
#.######.#..#.#...
#.######.#.##.##
#.###.#......#.<...# .
#............#..#..#
...#####@#......####..#
.......oo####.........#
#.###..(.......#####..
#...o.......# .##
.####........#..# .#
.............#... ..
#.##.........#.##.
#.........#
##.......)###..


You could see an orc wizard and 2 orcs.

Vanquished Creatures
  An orc priest (D:3)
  3 worms (D:2)
  3 dart slugs
  5 endoplasms
  6 giant cockroaches
  2 hobgoblins
  A quokka (D:2)
  2 ball pythons
  7 bats
  2 frilled lizards (D:1)
  7 goblins
  4 kobolds
  3 rats
46 creatures vanquished.

Notes
Turn   | Place    | Note
-------+----------+-------------------------------------------
     0 | D:1      | mcbry74 the Merfolk Ice Elementalist began the quest for
                  | the Orb.
     0 | D:1      | Reached XP level 1. HP: 13/13 MP: 3/3
   301 | D:1      | Reached XP level 2. HP: 14/19 MP: 0/5
   705 | D:1      | Reached skill level 5 in Ice Magic
  1106 | D:1      | Reached XP level 3. HP: 24/24 MP: 3/6
  1163 | D:1      | Found a faded altar of an unknown god.
  1482 | D:2      | Learned a level 1 spell: Beastly Appendage
  1805 | D:2      | Reached skill level 1 in Transmutations
  2067 | D:2      | Reached XP level 4. HP: 30/30 MP: 5/7
  2370 | D:3      | Learned a level 3 spell: Ozocubu's Armour
  2379 | D:3      | Reached skill level 1 in Polearms
  2392 | D:3      | Slain by an orc

Illustrated notes

Levels and vault maps discovered:
D:1:      dpeg_arrival_long_road, layout_loops_ring, basic_ecumenical_altar
D:2:      layout_basic
D:3:      layout_basic, fedhas_altar_1

Skill      XL: |  1  2  3  4 |
---------------+-------------+-----
Ice Magic      | 5 |  5.4
Dodging        | 3 |  3.2
Transmutations | 1 |  1.2
Polearms       | 1 |  1.0
Stealth        | |  2.1
Unarmed Combat | |  0.6
Spellcasting   | |  2.7

Action                   |  1- 3 |  4- 6 || total
-------------------------+-------+-------++-------
Melee: Dagger            |    11 |       ||    11
       Unarmed           |     1 |       ||     1
       Glaive            |       |     3 ||     3
 Cast: Freeze            |    60 |    14 ||    74
 Stab: Sleeping          |     3 |     1 ||     4
Armor: Robe              |    10 |     4 ||    14
Dodge: Dodged            |    35 |    10 ||    45

Table legend: (Time is in decaauts)
 A = Elapsed time spent in this place.
 B = Non-inter-level travel time spent in this place.
 C = Inter-level travel time spent in this place.
 D = Time resting spent in this place.
 E = Time spent auto-exploring this place.
 F = Levels seen in this place.
 G = Mean time per level.
                   A        B        C        D        E       F      G
               +--------+--------+--------+--------+--------+-----+--------+
         Total |   2392 |   2300 |     92 |    870 |    930 |   3 |  797.3 |
       Dungeon |   2392 |   2300 |     92 |    870 |    930 |   3 |  797.3 |
               +--------+--------+--------+--------+--------+-----+--------+

Top non-repeatable levels by time:
     D:1: 1327 daAuts
     D:2: 1007 daAuts
     D:3: 58 daAuts
